 Dungeon Crawl Stone Soup version 0.31.0-32-g396128a36d (webtiles) character file.

Game seed: 14272834918670566982

8064 spaghetti the Slicer (level 11, -2/90 HPs)
             Began as a Naga Chaos Knight on Mar 11, 2024.
             Was a Plaything of Xom.
             Incinerated by a deep elf pyromancer (3 damage)
             ... with a pyre arrow
             ... on level 10 of the Dungeon.
             The game lasted 00:12:48 (10377 turns).

spaghetti the Slicer (Naga Chaos Knight)           Turns: 10377, Time: 00:12:49

Health: -2/90      AC: 25    Str: 16    XL:     11   Next: 25%
Magic:  11/11      EV:  8    Int: 23    God:    Xom [..*...]
Gold:   555        SH:  0    Dex: 14    Spells: 10/10 levels left

rFire   + . .        h - +3 quick blade of Putrescence {chaos, Will- Int+5 SInv Stlth+}
rCold   + . .        (no shield)
rNeg    . . .        o - +7 plate armour {ponderous}
rPois   +            H - +2 hat
rElec   +            (no cloak)
rCorr   +            v - +0 pair of gloves
SInv    +            (no barding)
Will    +....        K - amulet of magic regeneration Stlth
                     t - +5 ring of evasion
HPRegen 0.35/turn    D - +6 ring of intelligence
MPRegen 0.52/turn

%: no passive effects
@: mighty, on fire, resistant, marked, fragile (+50% incoming damage), hasted,
glowing
A: AC +3, large, see invisible, deformed body, poison resistance, slowness 2,
spit poison 1, naga tail 1, iridescent scales 1, strong-willed 1
a: Spit Poison, Renounce Religion


You were on level 10 of the Dungeon.
You worshipped Xom.
You were a toy of Xom.
You visited 2 branches of the dungeon, and saw 10 of its levels.
You also visited: Ossuary.

You collected 555 gold pieces.

Inventory:

Hand Weapons
 a - a +0 short sword of chaos
 h - the +3 quick blade of Putrescence (weapon) {chaos, Will- Int+5 SInv Stlth+}
   (Xom gifted it to you on level 5 of the Dungeon)

   Int+5:     It affects your intelligence (+5).
   Will-:     It decreases your willpower.
   SInv:      It lets you see invisible.
   Stlth+:    It makes you more stealthy.
Missiles
 c - 4 throwing nets
Armour
 b - a +3 leather armour
 o - a +7 plate armour of ponderousness (worn)
 v - a +0 pair of gloves (worn)
 y - the +2 leather armour of Defence {rPois rN++ Will+ Str-4}
   (You took it off an orc on level 5 of the Dungeon)

   Str-4:     It affects your strength (-4).
   rPois:     It protects you from poison rN++: It greatly protects you from
   negative energy.
   Will+:     It increases your willpower.
 H - a +2 hat (worn)
Jewellery
 g - a ring of willpower
 k - a ring of fire
 t - a +5 ring of evasion (left hand)
 D - a +6 ring of intelligence (right hand)
 F - an amulet of reflection
 K - an amulet of magic regeneration (around neck)
Wands
 B - a wand of mindburst (15)
 J - a wand of quicksilver (2)
Scrolls
 d - 2 scrolls of noise
 e - 2 scrolls of teleportation
 f - 2 scrolls of poison
 j - a scroll of revelation
 m - a scroll of torment {unknown}
 n - a scroll of amnesia
 q - 3 scrolls of vulnerability
 w - a scroll of enchant armour
 z - 2 scrolls of immolation
 E - a scroll of enchant weapon
 G - a scroll of identify
Potions
 i - a potion of brilliance
 l - a potion of haste
 s - 4 potions of degeneration {unknown}
 A - a potion of ambrosia
 C - a potion of experience {unknown}


   Skills:
 - Level 3.0 Fighting
 - Level 14.0 Short Blades
 + Level 8.8 Armour
 - Level 0.7 Dodging


You had 10 spell levels left.
You didn't know any spells.
Your spell library contained the following spells:

 Spells                   Type           Power      Damage    Failure   Level
 Magic Dart               Conj           0%         1d3       99%         1
 Necrotise                Necr           0%         1d4       99%         1
 Blink                    Tloc           0%         N/A       100%        2
 Call Imp                 Summ           0%         N/A       100%        2
 Cigotuvi's Dreadful Rot  Necr/Alch/Air  0%         N/A       100%        2
 Ensorcelled Hibernation  Hex/Ice        0%         N/A       100%        2
 Passwall                 Erth           0%         N/A       100%        3
 Swiftness                Air            0%         N/A       100%        3
 Vampiric Draining        Necr           0%         2d6       100%        3
 Cause Fear               Hex            0%         N/A       100%        4
 Ignite Poison            Fire/Alch      0%         N/A       100%        4
 Martyr's Knell           Necr/Summ      0%         N/A       100%        4
 Curse of Agony           Necr           0%         N/A       100%        5
 Fireball                 Conj/Fire      0%         3d3       100%        5
 Freezing Cloud           Conj/Ice/Air   0%         6-21      100%        5
 Dragon's Call            Summ           0%         N/A       100%        9


Dungeon Overview and Level Annotations

Branches:
Dungeon (10/15)            Temple (1/1) D:6             Orc (0/2) D:10
Ossuary (visited)
   Lair: D:8-11

Altars:
Ashenzari
Cheibriados
Dithmenos
Elyvilon
Fedhas
Gozag
Hepliaklqana
Kikubaaqudgha
Makhleb
Nemelex Xobeh
Okawaru
Qazlal
Ru
Sif Muna
Trog
Uskayaw
Vehumet
Xom
Yredelemnul
Zin
The Shining One

Shops:
D:5 :   D:6 =

Annotations:
D:10 Psyche


Innate Abilities, Weirdness & Mutations

Your serpentine skin is tough. (AC +3)
You have supernaturally acute eyesight. (SInv)
Armour fits poorly on your strangely shaped body.
Your system is resistant to poisons. (rPois)
You cover ground very slowly.
You can spit poison.
You have a snake-like lower body.
You are partially covered in iridescent scales. (AC +2)
You are strong-willed. (Will+)


Message History

You feel a bit more experienced.
Psyche the Insane Magess comes into view.
She is wielding a +4 dagger of chaos.
The arcanist hits you but does no damage.
You feel yourself speed up. The liquid fire burns you!
* * * LOW HITPOINT WARNING * * *
Psyche casts a cantrip, but nothing happens.
The arcanist hits you but does no damage. x2
You feel much better. The liquid fire burns you!
* * * LOW HITPOINT WARNING * * *
The arcanist casts a spell at you.
You easily resist.
Blink to where?
Press: ? - help, Dir - move target
As you read the scroll of blinking, it crumbles to dust.
The liquid fire burns you!
* * * LOW HITPOINT WARNING * * *
As you read the scroll of teleportation, it crumbles to dust.
You feel strangely unstable. The liquid fire burns you!
* * * LOW HITPOINT WARNING * * *
You feel better. The liquid fire burns you!
* * * LOW HITPOINT WARNING * * *
The arcanist's eyes start to glow.
Unknown command.
You shake off some of the fire as you move.
The liquid fire burns you!
* * * LOW HITPOINT WARNING * * *
The arcanist points at you and mumbles some strange words.
Your body becomes as fragile as glass!
You feel better. The liquid fire burns you!
* * * LOW HITPOINT WARNING * * *
Your surroundings suddenly seem different.
It was a potion of resistance.
You feel protected. The liquid fire burns you!
You die...

##### #...# ######## #.#.#
#....... ##.#.## #.#####. #.....#
#.# #. ##########..#..# #.### #.
#+######...........#..###...###.
#>....##.###...@...)......#.#...
#####.##.###.#.#..###.......#.##
#.........##.._..#....###.....#
##.##.###.....#.#.#.##.# #####.##
...........##.....#.##.## #..#
###.#.........#...#.....## ##..
....###################..#######.
........................(........
#####'#########'#########'#####..


There were no monsters in sight!

Vanquished Creatures
  2 two-headed ogres (D:10)
  Erica (D:10)
  A deep elf pyromancer (D:10)
  A cyclops (D:10)
  A meliai (D:10)
  Joseph (D:8)
  A komodo dragon (D:10)
  A troll (D:10)
  A shadow (D:10)
  A wyvern (D:8)
  A golden eye (D:8)
  A water moccasin (D:5)
  Duvessa (D:4)
  2 ice beasts
  2 sky beasts (D:7)
  A black bear (D:6)
  4 orc warriors
  3 centaurs
  A phantom (D:4)
  4 kobold brigands
  A bullfrog (D:6)
  A scorpion (D:6)
  4 water moccasin zombies (Ossuary)
  5 wights (D:7)
  A burial acolyte (Ossuary)
  Dowan (D:4)
  6 killer bees (D:8)
  2 howler monkeys
  4 hounds
  2 jellies
  A gnoll bouda (D:5)
  5 orc priests
  A sleepcap (D:5)
  7 orc wizards
  Terence (D:5)
  A crocodile zombie (Ossuary)
  A bullfrog simulacrum (Ossuary)
  2 mummies (Ossuary)
  17 gnolls
  4 adders
  A shadow imp (D:5)
  A white imp (D:7)
  2 ufetubi (D:7)
  4 adder zombies (Ossuary)
  7 ribbon worms
  3 dart slugs
  35 orcs
  2 bats (D:1)
  7 endoplasms
  A giant cockroach (D:2)
  10 gnoll zombies (Ossuary)
  5 goblins
  8 hobgoblins
  4 quokkas
  16 ball pythons
  A frilled lizard (D:2)
  6 jackal zombies (Ossuary)
  14 kobolds
  2 orc zombies (Ossuary)
  7 rats
234 creatures vanquished.

Vanquished Creatures (collateral kills)
  A wyvern (D:10)
  A gnoll sergeant (D:10)
  A kobold (D:8)
3 creatures vanquished.

Vanquished Creatures (others)
  A dancing weapon (D:10)
  An orc knight (D:10)
  A howler monkey (D:10)
  An orc (D:8)
4 creatures vanquished.

Grand Total: 241 creatures vanquished

Notes
Turn   | Place    | Note
-------+----------+-------------------------------------------
     0 | D:1      | spaghetti the Naga Chaos Knight began the quest for the
                  | Orb.
     0 | D:1      | Reached XP level 1. HP: 21/21 MP: 1/1
   135 | D:1      | Reached XP level 2. HP: 28/28 MP: 2/2
   258 | D:1      | XOM: silly message
   409 | D:1      | XOM: silly message
   654 | D:1      | Reached skill level 4 in Short Blades
   757 | D:1      | Reached XP level 3. HP: 24/34 MP: 3/3
  1023 | D:2      | XOM: polymorph hobgoblin -> frilled lizard
  1236 | D:2      | Reached XP level 4. HP: 42/42 MP: 4/4
  1521 | D:2      | XOM: 7-stop teleportation journey
  1525 | D:2      | XOM: silly message
  1953 | D:2      | XOM: summons 1 hostile demon
  2110 | D:3      | Reached skill level 5 in Short Blades
  2139 | D:3      | Noticed Terence
  2139 | D:3      | XOM: 1-stop teleportation journey
  2150 | D:4      | Noticed a phantom
  2164 | D:3      | You fall into a shaft and drop 3 floors!
  2196 | D:6      | XOM: summons 3 hostile demons
  2198 | D:6      | Noticed an orc warrior
  2206 | D:6      | XOM: 2-stop teleportation journey
  2257 | D:6      | Found a staircase to the Ecumenical Temple.
  2257 | D:6      | XOM: 2-stop teleportation journey
  2260 | Temple   | Entered the Ecumenical Temple
  2429 | Temple   | XOM: stat loss: -1 Int (11/12)
  2559 | Temple   | HP: 1/42 [orc warrior/arrow (6)]
  2561 | Temple   | Killed an orc warrior
  2562 | Temple   | Reached skill level 6 in Short Blades
  2562 | Temple   | Reached XP level 5. HP: 3/49 MP: 5/5
  2716 | Temple   | XOM: draining
  3292 | D:6      | XOM: confuse monster(s)
  3304 | D:6      | Reached XP level 6. HP: 46/56 MP: 6/6
  3374 | D:6      | Noticed an ice beast
  3384 | D:6      | XOM: cleaving
  3386 | D:6      | Reached skill level 7 in Short Blades
  3389 | D:6      | Killed an ice beast
  3390 | D:6      | Reached XP level 7. HP: 43/62 MP: 7/7
  3489 | D:6      | Reached skill level 8 in Short Blades
  3630 | D:5      | Entered Level 5 of the Dungeon
  3732 | D:5      | XOM: smoke on damage
  3740 | D:5      | Killed Terence
  3859 | D:5      | Identified the +3 quick blade of Putrescence {flame, Will-
                  | Int+5 SInv Stlth+} (Xom gifted it to you on level 5 of the
                  | Dungeon)
  3859 | D:5      | XOM: god gift: +3 quick blade of Putrescence {chaos, Will-
                  | Int+5 SInv Stlth+}
  3886 | D:5      | XOM: blink monster(s)
  3937 | D:5      | XOM: god gift: scroll labelled POYPRE UQURGH {god gift}
  3987 | D:5      | Found a sand-covered staircase.
  4001 | Ossuary  | Entered an ossuary
  4033 | Ossuary  | Reached skill level 9 in Short Blades
  4134 | Ossuary  | Reached XP level 8. HP: 43/69 MP: 8/8
  4372 | Ossuary  | XOM: scenery: 1 doors open, 1 doors close
  4556 | D:5      | Found Cyla's Tremendous Tomes.
  4806 | D:5      | Reached skill level 10 in Short Blades
  4809 | D:5      | XOM: give mutations
  4809 | D:5      | Gained mutation: Your flesh is cold resistant. (rC+) [Xom's
                  | mischief]
  4809 | D:5      | Gained mutation: Your mind is acute. (Int +4, Str/Dex -1)
                  | [Xom's mischief]
  4809 | D:5      | Lost mutation: Your mind is acute. (Int +4, Str/Dex -1)
                  | [Xom's mischief]
  4809 | D:5      | Gained mutation: You are partially covered in iridescent
                  | scales. (AC +2) [Xom's mischief]
  4811 | D:5      | XOM: 1-stop teleportation journey
  5059 | D:4      | XOM: summons 4 hostile shadow creatures
  5065 | D:4      | XOM: polymorph bombardier beetle -> ribbon worm
  5104 | D:4      | Lost mutation: You are partially covered in iridescent
                  | scales. (AC +2) [potion of mutation]
  5104 | D:4      | Lost mutation: Your flesh is cold resistant. (rC+) [potion
                  | of mutation]
  5104 | D:4      | Gained mutation: You have an increased reservoir of magic.
                  | (+10% MP) [potion of mutation]
  5104 | D:4      | Gained mutation: You have a pair of small horns on your
                  | head. [potion of mutation]
  5104 | D:4      | Gained mutation: A frigid envelope surrounds you and
                  | freezes all who hurt you. [potion of mutation]
  5104 | D:4      | Noticed Dowan
  5106 | D:4      | Noticed Duvessa
  5109 | D:4      | Killed Dowan
  5111 | D:4      | XOM: destruction
  5115 | D:4      | XOM: give mutations
  5115 | D:4      | Gained mutation: You occasionally shout uncontrollably at
                  | your foes. [Xom's mischief]
  5115 | D:4      | Lost mutation: You have an increased reservoir of magic.
                  | (+10% MP) [Xom's mischief]
  5116 | D:4      | Found a blossoming altar of Fedhas.
  5117 | D:4      | XOM: noise
  5121 | D:4      | HP: 2/69 [hound (5)]
  5122 | D:4      | Killed Duvessa
  5592 | D:3      | Reached skill level 11 in Short Blades
  6163 | D:3      | XOM: silly message
  6625 | D:5      | XOM: silly message
  6687 | D:5      | XOM: divination: magic mapping
  6727 | D:5      | Reached XP level 9. HP: 50/75 MP: 9/9
  6729 | D:5      | XOM: cast spell 'Summon Ice Beast'
  7086 | D:5      | Identified the +2 leather armour of Defence {rPois rN++
                  | Will+ Str-4}
  7356 | D:5      | XOM: silly message
  7510 | D:6      | Lost mutation: A frigid envelope surrounds you and freezes
                  | all who hurt you. [potion of mutation]
  7510 | D:6      | Lost mutation: You occasionally shout uncontrollably at
                  | your foes. [potion of mutation]
  7510 | D:6      | Gained mutation: You possess an exceptional clarity of
                  | mind. [potion of mutation]
  7510 | D:6      | Gained mutation: You expend magic power (3 MP) to
                  | strengthen your wands. [potion of mutation]
  7510 | D:6      | Gained mutation: A frigid envelope surrounds you and
                  | freezes all who hurt you. [potion of mutation]
  7553 | D:6      | Found Hecsed's Jewellery Boutique.
  7711 | D:6      | Lost mutation: A frigid envelope surrounds you and freezes
                  | all who hurt you. [potion of mutation]
  7711 | D:6      | Lost mutation: You have a pair of small horns on your head.
                  | [potion of mutation]
  7711 | D:6      | Lost mutation: You expend magic power (3 MP) to strengthen
                  | your wands. [potion of mutation]
  7711 | D:6      | Gained mutation: Your natural rate of healing is unusually
                  | fast. [potion of mutation]
  7712 | D:6      | Lost mutation: You possess an exceptional clarity of mind.
                  | [potion of mutation]
  7712 | D:6      | Lost mutation: Your natural rate of healing is unusually
                  | fast. [potion of mutation]
  7712 | D:6      | Gained mutation: You are strong-willed. (Will+) [potion of
                  | mutation]
  7712 | D:6      | Gained mutation: You are partially covered in iridescent
                  | scales. (AC +2) [potion of mutation]
  7902 | D:7      | Reached skill level 12 in Short Blades
  8162 | D:7      | Found a sparkling altar of Nemelex Xobeh.
  8208 | D:7      | XOM: enchant monster (bad)
  8220 | D:7      | Found a stormy altar of Qazlal.
  8243 | D:7      | XOM: swap monsters
  8251 | D:7      | XOM: 2-stop teleportation journey
  8294 | D:7      | XOM: silly message
  8516 | D:7      | XOM: summons 2 friendly demons
  8779 | D:7      | XOM: 1-stop teleportation journey
  9143 | D:8      | Reached skill level 13 in Short Blades
  9361 | D:8      | Noticed Joseph
  9366 | D:8      | XOM: potion effect (invisibility)
  9369 | D:8      | XOM: potion effect (berserk rage)
  9378 | D:8      | Killed Joseph
  9379 | D:8      | Reached XP level 10. HP: 61/84 MP: 10/10
  9647 | D:8      | Found a hazy altar of Hepliaklqana.
  9647 | D:8      | You fall into a shaft and drop 2 floors!
  9647 | D:10     | Entered Level 10 of the Dungeon
  9681 | D:10     | Found a staircase to the Orcish Mines.
  9713 | D:10     | Noticed a two-headed ogre
  9721 | D:10     | Killed a two-headed ogre
  9722 | D:10     | Reached skill level 5 in Armour
  9728 | D:10     | XOM: potion effect (invisibility)
  9733 | D:10     | a tengu conjurer changed into a meliai
  9733 | D:10     | Noticed a meliai
  9733 | D:10     | Killed a meliai
  9965 | D:10     | XOM: scenery: 1 doors close
 10071 | D:10     | Found an iron altar of Okawaru.
 10136 | D:10     | Reached skill level 14 in Short Blades
 10235 | D:10     | Noticed a two-headed ogre
 10238 | D:10     | Killed a two-headed ogre
 10238 | D:10     | Noticed Erica
 10254 | D:10     | Killed Erica
 10255 | D:10     | Reached XP level 11. HP: 68/90 MP: 11/11
 10340 | D:10     | Noticed a deep elf pyromancer
 10340 | D:10     | Noticed a cyclops
 10340 | D:10     | Noticed an orc knight
 10340 | D:10     | Noticed a cyclops
 10342 | D:10     | XOM: enchant monster (good)
 10345 | D:10     | XOM: swap monsters
 10354 | D:10     | XOM: noise
 10356 | D:10     | Noticed a centaur warrior
 10358 | D:10     | Noticed an arcanist
 10360 | D:10     | Killed an orc knight
 10363 | D:10     | Killed a cyclops
 10365 | D:10     | Noticed a purple ugly thing
 10369 | D:10     | Killed a deep elf pyromancer
 10369 | D:10     | Noticed Psyche
 10375 | D:10     | HP: 4/90 [burnt (11)]
 10376 | D:10     | HP: 1/90 [burnt (13)]
 10377 | D:10     | Incinerated by a deep elf pyromancer

Illustrated notes

Levels and vault maps discovered:
D:1:      ldierk_walled_garden_2, layout_loops_ring, st_stairs_9
D:2:      layout_basic
D:3:      layout_loops_ring, dk_vineyard_3, hex_tiny, nicolae_wormholes,
          uniq_terence
D:4:      layout_loops_ring, old_standard_altar, uniq_duvessa
D:5:      layout_basic, lightli_ossuary_entry_decrepit_ruins,
          nicolae_shop_i_like_big_books
D:6:      layout_loops_ring, minmay_temple_entry_nine_rooms,
          minmay_shop_enchanted_jewellery
D:7:      layout_basic, nemelex_diamond_rough_becter, grunt_qazlal_clouds
D:8:      layout_basic, nicolae_hepliaklqana_monster_ancestors, kennysheep_mini,
          grunt_ministairs_11, uniq_joseph
D:10:     minmay_the_grid_3x2 [minmay_the_grid_minigrid_large,
          minmay_the_grid_gridbox, minmay_the_grid_square_x,
          minmay_the_grid_pillar_ring, minmay_the_grid_fan,
          minmay_the_grid_prize_four_corners], layout_basic,
          okawaru_metal_pillars_1_2, minmay_orc_entry_temple_small,
          serial_rivers, chequers_serial_rivers_micro_d,
          chequers_serial_rivers_micro_b, chequers_serial_rivers_micro_b,
          chequers_serial_rivers_micro_e, uniq_erica, uniq_psyche
Temple:   minmay_temple_bridge_d

Skill      XL: |  1  2  3  4  5  6  7  8  9 10 |
---------------+-------------------------------+-----
Short Blades   | 4 6 7 9 11 13 14 | 14.0
Armour         | 4 8 |  8.8
Fighting       | |  3.0
Dodging        | |  0.7

Action                     |  1- 3 |  4- 6 |  7- 9 | 10-12 || total
---------------------------+-------+-------+-------+-------++-------
  Melee: Short sword       |   155 |   136 |    68 |       ||   359
         Punch             |     2 |     4 |    14 |     3 ||    23
         Quick blade       |       |       |   708 |   225 ||   933
         Headbutt          |       |       |    23 |       ||    23
Ability: Spit Poison       |     1 |     2 |     5 |     1 ||     9
    Use: Scroll            |     2 |     8 |     8 |     2 ||    20
         Potion            |       |     2 |     9 |     8 ||    19
   Stab: Petrified         |     1 |       |     2 |       ||     3
         Sleeping          |     1 |       |     5 |       ||     6
         Confused          |     1 |     3 |     6 |     4 ||    14
         Paralysed         |       |     1 |     2 |     2 ||     5
         Invisible         |       |       |     3 |     3 ||     6
         Petrifying        |       |       |     1 |       ||     1
         Distracted        |       |       |       |     1 ||     1
         Held in net/web   |       |       |       |     2 ||     2
 Armour: Leather armour    |    92 |    98 |   251 |       ||   441
         Plate armour      |       |       |   109 |    93 ||   202
  Dodge: Dodged            |    75 |    44 |   198 |    31 ||   348
